 Dungeon Crawl Stone Soup version 0.28.0 (webtiles) character file.

Game seed: 11877485792112039854

120150 growler the Devastator (level 16, 0/107 HPs)
             Began as a Tengu Air Elementalist on Feb 13, 2022.
             Was a High Priest of Vehumet.
             Killed from afar by a raiju (21 damage)
             ... with a living lightning
             ... on level 2 of the Abyss.
             The game lasted 02:04:04 (46291 turns).

growler the Devastator (Tengu Air Elementalist)    Turns: 46291, Time: 02:04:05

Health: 0/107      AC:  7    Str:  8      XL:     16   Next: 81%
Magic:  2/24       EV: 22    Int: 20 (23) God:    Vehumet [*****.]
Gold:   1490       SH:  5    Dex: 12      Spells: 6/33 levels left

rFire   . . .      SeeInvis +   e - staff of conjuration {!a}
rCold   + . .      Faith    .   P - +0 buckler
rNeg    . . .      Spirit   .   a - +0 robe
rPois   .          Reflect  .   (helmet restricted)
rElec   .          Harm     .   N - +1 cloak
rCorr   .          Rampage  .   n - +2 pair of gloves "Ysiruopn" {rC+}
Will    +....                   (boots unavailable)
Stlth   ++........              D - amulet of regeneration
HPRegen 0.00/turn               b - ring of wizardry
MPRegen 0.19/turn               z - ring of see invisible

@: flying quickly and evasively, inhibited regen, quick
A: beak, talons 3, nimble flight, [clumsy 2], [low MP 2], [inhibited
regeneration]
a: Renounce Religion


You were on level 2 of the Abyss.
You worshipped Vehumet.
Vehumet was extremely pleased with you.
You visited 4 branches of the dungeon, and saw 24 of its levels.
You visited the Abyss 1 time.

You collected 2404 gold pieces.
You spent 914 gold pieces at shops.

Inventory:

Hand Weapons
 T - a +1 demon blade of draining
   (You found it on level 6 of the Lair of Beasts)
Armour
 a - a +0 robe (worn)
 n - the +2 pair of gloves "Ysiruopn" (worn) {rC+}
   (You found it on level 3 of the Dungeon)

   rC:        It protects you from cold.
 N - a +1 cloak (worn)
   (You found it on level 9 of the Dungeon)
 P - a +0 buckler (worn)
   (You took it off a gnoll sergeant on level 11 of the Dungeon)
 S - the +0 pair of gloves "Parisk" {rC+ Str-2 Stlth+}
   (You found it on level 14 of the Dungeon)

   Str:       It affects your strength (-2).
   rC:        It protects you from cold.
   Stlth:     It makes you more stealthy.
Magical Staves
 e - a staff of conjuration (weapon) {!a}
   (You found it on level 2 of the Dungeon)
Jewellery
 b - a ring of wizardry (left hand)
   (You found it on level 1 of the Dungeon)
 i - a ring of ice
   (You found it on level 5 of the Dungeon)
 o - a ring of protection from cold
   (You found it on level 6 of the Lair of Beasts)
 z - a ring of see invisible (right hand)
   (You found it on level 6 of the Lair of Beasts)
 D - an amulet of regeneration (around neck)
   (You found it on level 6 of the Dungeon)
 G - a ring of fire
   (You found it on level 8 of the Dungeon)
 L - an amulet of faith {!P}
   (You found it on level 8 of the Dungeon)
 O - an amulet of guardian spirit
   (You found it on level 2 of the Lair of Beasts)
 X - an amulet of reflection
   (You found it on level 12 of the Dungeon)
 Y - the ring "Ubidghu" {rC+ MP+9 Int+6}
   (You bought it in a shop on level 2 of the Orcish Mines)

   [ring of intelligence]

   Int:       It affects your intelligence (+6).
   rC:        It protects you from cold.
   MP:        It affects your magic capacity (+9).
 Z - a +6 ring of intelligence
   (You found it on level 2 of the Orcish Mines)
Wands
 d - a wand of iceblast (11)
   (You found it on level 6 of the Dungeon)
 g - a wand of polymorph (24)
   (You found it on level 4 of the Dungeon)
 t - a wand of flame (50)
   (You took it off Pikel on level 4 of the Dungeon)
 u - a wand of paralysis (20)
   (You found it on level 5 of the Dungeon)
 v - a wand of digging (8)
   (You found it on level 3 of the Dungeon)
 x - a wand of acid (16)
   (You found it on level 6 of the Dungeon)
 E - a wand of charming (11)
   (You found it on level 7 of the Dungeon)
Scrolls
 h - 7 scrolls of blinking
 l - 3 scrolls of amnesia
 m - 3 scrolls of teleportation {@r4}
 q - 6 scrolls of immolation {!r}
 s - 2 scrolls of torment {!r}
 w - a scroll of silence
 y - 2 scrolls of enchant weapon
 B - 3 scrolls of holy word
 I - a scroll of brand weapon
 J - 4 scrolls of vulnerability {!r}
 K - a scroll of fear
 Q - 4 scrolls of magic mapping
 U - a scroll of identify {@r1}
Potions
 c - 3 potions of heal wounds {@q2}
 f - 12 potions of curing {@q1}
 j - 9 potions of attraction {!q}
 k - 2 potions of lignification {!q}
 p - 2 potions of haste {@q3}
 r - 4 potions of ambrosia
 A - a potion of mutation {!q}
 C - 3 potions of berserk rage
 F - 4 potions of brilliance
 H - 5 potions of cancellation
 M - 3 potions of magic
 R - 5 potions of might
 V - a potion of invisibility


   Skills:
 + Level 14.9 Fighting
 + Level 16.3 Dodging
 - Level 2.0 Stealth
 - Level 4.0 Shields
 + Level 9.4 Spellcasting
 - Level 18.0 Conjurations
 - Level 6.0 Summonings
 + Level 15.4 Air Magic


You had 6 spell levels left.
You knew the following spells:

 Your Spells              Type           Power      Damage    Failure   Level
a - Shock                 Conj/Air       100%       1d9       0%          1
b - Airstrike             Air            31%        N/A       1%          4
c - Spellforged Servitor  Conj/Summ      36%        N/A       7%          7
d - Static Discharge      Conj/Air       85%        N/A       0%          2
f - Mephitic Cloud        Conj/Pois/Air  69%        N/A       1%          3
s - Swiftness             Air            63%        N/A       1%          3
z - Orb of Destruction    Conj           44%        9d12      1%          7

Your spell library contained the following spells:

 Spells                   Type           Power      Damage    Failure   Level
 Lee's Rapid Deconstruct  Erth           4%         3d6*      26%         5
 Sandblast                Erth           18%        2d7       1%          1
 Summon Small Mammal      Summ           100%       N/A       1%          1
 Poisonous Vapours        Pois/Air       80%        N/A       1%          2
 Call Canine Familiar     Summ           33%        N/A       1%          3
 Dazzling Flash           Conj/Hex       100%       N/A       1%          3
 Stone Arrow              Conj/Erth      100%       3d13      1%          3
 Fireball                 Conj/Fire      31%        3d13      1%          5
 Irradiate                Conj/Tmut      31%        3d24      1%          5
 Iskenderun's Battlesphe  Conj           89%        2d14      1%          5
 Conjure Ball Lightning   Conj/Air       42%        3x3d15    1%          6
 Summon Guardian Golem    Hex/Summ       21%        N/A       3%          3
 Animate Skeleton         Necr           18%        N/A       4%          1
 Apportation              Tloc           18%        N/A       4%          1
 Beastly Appendage        Tmut           18%        N/A       4%          1
 Sting                    Tmut/Pois      36%        1d4       4%          1
 Silence                  Hex/Air        20%        N/A       4%          5
 Starburst                Conj/Fire      31%        6d9       4%          6
 Passwall                 Tmut/Erth      7%         N/A       6%          2
 Sublimation of Blood     Necr           9%         N/A       6%          2
 Wereblood                Tmut           9%         N/A       6%          2
 Olgreb's Toxic Radiance  Pois           9%         N/A       11%         4
 Ozocubu's Armour         Ice            9%         N/A       12%         3
 Spider Form              Tmut/Pois      9%         N/A       12%         3
 Animate Dead             Necr           4%         N/A       34%         4
 Petrify                  Tmut/Erth      9%         N/A       34%         4
 Agony                    Necr           9%         N/A       67%         5
 Borgnjor's Vile Clutch   Necr/Erth      4%         N/A       67%         5
 Death Channel            Necr           4%         N/A       99%         6
 Ozocubu's Refrigeration  Ice            4%         4d5       99%         7
 Ignition                 Fire           4%         3d4       100%        8


Dungeon Overview and Level Annotations

Branches:
Dungeon (15/15)            Temple (1/1) D:5            Lair (6/6) D:10
 Shoals (0/4) Lair:3        Snake (0/4) Lair:3        Slime (0/5) Lair:5
    Orc (2/2) D:12            Elf (0/3) Orc:2        Vaults (0/5) D:13
 Depths: D:15

Altars:
Dithmenos
Fedhas
Gozag
Hepliaklqana
Kikubaaqudgha
Makhleb
Okawaru
Ru
Vehumet
Zin
The Shining One
Beogh

Shops:
D:3 *   Orc:1 :   Orc:2 *[=!

Annotations:
D:11 2 transporters, Clumpoid's ghost, journeyman DsFi
Lair:5 3 runed translucent doors, snackwell's ghost, journeyman TrHu


Innate Abilities, Weirdness & Mutations

You have a beak for a mouth.
You have claws for feet.
Your magical nature lets you fly swiftly and evasively.
[You are very clumsy. (Dex -4)]
[Your magical capacity is very low. (-20% MP)]
[You do not regenerate when monsters are visible.]


Message History

There is an open door here.
A chorus of shrieks assaults your mind.
* * * LOW HITPOINT WARNING * * *
The neqoxec gestures at you.
You feel dopey. Something feeds on your intellect!
The wretched star glows turbulently.
The lance of force misses you.
A starcursed mass splits.
There is an open door here.
You reach down and close the door.
Okay, then.
Something unseen opens the door.
Aim: a wretched star You feel a surge of power!
The wavering orb of destruction hits the wretched star!!!
You closely miss the neqoxec. You claw the neqoxec.
Your peck misses the neqoxec.
You are suddenly pulled into a different region of the Abyss!
You start resting. 3 raiju come into view.
Okay, then.
You feel a surge of power!
A blue arc grounds itself harmlessly.
The raiju barks! x2
You don't have enough magic to cast this spell.
You don't have enough magic to cast this spell.
Unknown command.
A raiju comes into view.
The raiju barks!
The raiju completely misses you.
The raiju bursts into living lightning!
The living lightning hits you!
* * * LOW HITPOINT WARNING * * *
The raiju blinks!
The raiju bites you but does no damage.
The raiju bursts into living lightning!
The living lightning misses you.
The raiju blinks!
You miss the raiju. Your kick misses the raiju.
The raiju completely misses you.
The raiju bursts into living lightning!
The living lightning misses you.
The raiju blinks!
The raiju bites you but does no damage.
The raiju bursts into living lightning!
The living lightning hits the raiju.
The raiju completely resists.
The living lightning hits you.
* * * LOW HITPOINT WARNING * * *
The raiju blinks! x3
The raiju bursts into living lightning!
The living lightning hits the raiju.
The raiju completely resists.
The living lightning hits you!!
You die...

.. ... .# ....#.#
### ....#..# #..#
......#.. ... .
......#..##.##...#
.......##.@...#
..........##......
........h# ..#.. .
.......#.h###....#
..
.....#..h#§.#.......
.....#.h##.#.#.#..#
........ .........
......#..§..##.#
........#.....#.


You could see 4 raiju.

Vanquished Creatures
  A tentacled starspawn (Abyss:2)
  Kirke (Lair:6)
  An orc warlord (Orc:2)
  2 dire elephants (Lair:6)
  An eidolon (Abyss:2)
  Snorg (Orc:1)
  A fire dragon (D:14)
  Josephine (Lair:4)
  11 hydras
  Fannar (D:10)
  2 vault guards (D:13)
  An ogre mage (D:15)
  6 centaur warriors
  3 boulder beetles
  2 death knights
  Erica (D:8)
  A catoblepas (D:12)
  5 orc high priests (Orc:2)
  16 two-headed ogres
  2 tengu warriors
  14 death yaks
  A nameless horror (Lair:6)
  A skeletal warrior (D:14)
  Nergalle (Lair:4)
  A spectral death yak (Lair:6)
  A wretched star (Abyss:2)
  A spectral anaconda (Lair:6)
  2 sixfirhies (Abyss:2)
  Pikel (D:4)
  An obsidian statue (Lair:6)
  5 deep elf pyromancers (D:13)
  3 necromancers (Lair:6)
  5 ugly things (D:14)
  A wizard (D:15)
  2 mana vipers (Abyss:2)
  6 orc knights
  7 cyclopes
  6 orc sorcerers
  3 manticores
  8 black mambas
  24 elephants
  A naga mage (D:15)
  A smoke demon (Abyss:2)
  A guardian serpent (shapeshifter) (D:14)
  A torpor snail (Lair:6)
  A gargoyle (D:11)
  7 cane toads
  4 kobold demonologists
  2 dire elephant skeletons (Lair:6)
  2 freezing wraiths (D:14)
  4 komodo dragons
  An unseen horror (Abyss:2)
  2 tengu conjurers
  2 polar bears
  14 trolls
  Grinder (D:5)
  A raiju (D:13)
  18 slime creatures
  18 blink frogs
  A spectral elephant (Lair:6)
  A meliai zombie (D:10)
  5 dream sheep (Lair:5)
  A centaur simulacrum (D:14)
  A vampire (D:13)
  5 wraiths
  2 ynoxinuls (Abyss:2)
  31 yaks
  2 shadows
  5 wyverns
  A fire bat (Abyss:2)
  2 large abominations (Abyss:2)
  A chaos spawn (Abyss:2)
  A hog (Lair:6)
  7 humans (D:13)
  3 basilisks
  8 vampire mosquitoes
  14 wargs
  2 small abominations (Abyss:2)
  Edmund (D:4)
  13 water moccasins
  A spectral cane toad (Lair:6)
  3 hell hounds (D:13)
  45 orc warriors
  A sky beast (D:5)
  4 ice beasts
  11 ogres
  3 black bears
  2 elephant zombies (Lair:6)
  10 wolves
  5 centaurs
  An elephant skeleton (Lair:6)
  2 phantoms (D:12)
  A lemure (D:4)
  3 kobold brigands
  9 bullfrogs
  2 scorpions
  8 gnoll sergeants
  A wyvern skeleton (D:6)
  An elephant simulacrum (Lair:6)
  3 troll zombies (D:12)
  3 howler monkeys
  7 electric eels
  4 centaur zombies
  3 bullfrog zombies
  7 hounds
  13 jellies
  A centaur skeleton (D:6)
  28 orc priests
  A gnoll shaman (D:7)
  Jessica (D:2)
  4 iguanas
  16 orc wizards
  A hell rat (Lair:4)
  3 ogre zombies (D:12)
  2 howler monkey zombies
  Robin (D:3)
  8 gnolls
  5 adders
  3 river rats (Lair:4)
  3 white imps
  4 ufetubi
  An adder skeleton (D:4)
  A worm (D:4)
  A dart slug (D:5)
  118 orcs
  5 ball pythons
  12 endoplasms
  4 giant cockroaches
  14 goblins
  7 hobgoblins
  4 jackals (D:2)
  3 quokkas
  5 bats
  2 frilled lizards (D:1)
  A goblin zombie (D:12)
  3 hobgoblin zombies (D:12)
  14 kobolds
  4 orc skeletons (D:12)
  11 orc zombies (D:12)
  10 rats
  2 starspawn tentacles (Abyss:2)
798 creatures vanquished.

Vanquished Creatures (collateral kills)
  A dire elephant (Lair:6)
  2 death yaks (Lair:6)
  A black mamba (Lair:5)
  2 elephants (Lair:6)
  3 blink frogs (Lair:6)
  4 humans
  7 yaks (Lair:6)
20 creatures vanquished.

Vanquished Creatures (others)
  A two-headed ogre (D:13)
  A tengu warrior (D:13)
  A deep elf pyromancer (D:13)
  2 humans (Lair:6)
  A bush (Lair:5)
  53 fungi
  66 plants
  37 withered plants (Lair:6)
162 creatures vanquished.

Grand Total: 980 creatures vanquished

Notes
Turn   | Place    | Note
-------+----------+-------------------------------------------
     0 | D:1      | growler the Tengu Air Elementalist began the quest for the
                  | Orb.
     0 | D:1      | Reached XP level 1. HP: 10/10 MP: 4/4
   243 | D:1      | Reached XP level 2. HP: 15/15 MP: 4/6
   246 | D:1      | Learned a level 2 spell: Static Discharge
   331 | D:1      | Reached skill level 2 in Conjurations
  1075 | D:1      | Reached XP level 3. HP: 19/19 MP: 3/7
  1310 | D:1      | Learned a level 3 spell: Swiftness
  1521 | D:2      | Found a faded altar of an unknown god.
  1688 | D:2      | Noticed Jessica
  1691 | D:2      | Killed Jessica
  1692 | D:2      | Reached skill level 3 in Conjurations
  1692 | D:2      | Reached skill level 5 in Air Magic
  1692 | D:2      | Reached XP level 4. HP: 16/24 MP: 4/9
  1826 | D:2      | Found an iron altar of Okawaru.
  2655 | D:2      | Gained mutation: Your magical nature lets you fly swiftly
                  | and evasively. [Tengu growth]
  2655 | D:2      | Reached XP level 5. HP: 8/28 MP: 1/10
  2731 | D:2      | Learned a level 4 spell: Airstrike
  3239 | D:3      | Identified the +2 pair of gloves "Ysiruopn" {rC+}
  3348 | D:3      | Noticed Robin
  3352 | D:3      | Reached skill level 4 in Conjurations
  3355 | D:3      | Killed Robin
  3937 | D:3      | Found Seecibb's Assorted Antiques.
  3983 | D:3      | Reached XP level 6. HP: 11/32 MP: 4/12
  4580 | D:4      | Noticed Pikel
  4766 | D:4      | Noticed Edmund
  4778 | D:4      | Killed Edmund
  4779 | D:4      | Reached skill level 5 in Conjurations
  5108 | D:4      | Reached XP level 7. HP: 35/36 MP: 9/14
  5565 | D:4      | Killed Pikel
  5566 | D:4      | Reached skill level 5 in Spellcasting
  5566 | D:4      | Reached skill level 6 in Conjurations
  5566 | D:4      | Reached XP level 8. HP: 11/41 MP: 2/16
  5880 | D:5      | Entered Level 5 of the Dungeon
  5936 | D:5      | Reached skill level 7 in Conjurations
  6007 | D:5      | Noticed Grinder
  6019 | D:5      | Killed Grinder
  6108 | D:5      | Reached skill level 8 in Conjurations
  6780 | D:5      | Found a staircase to the Ecumenical Temple.
  6790 | Temple   | Entered the Ecumenical Temple
  6888 | Temple   | Became a worshipper of Vehumet
  7421 | D:6      | Reached skill level 9 in Conjurations
  7505 | D:6      | Reached skill level 10 in Air Magic
  7685 | D:6      | Reached XP level 9. HP: 34/46 MP: 8/17
  7743 | D:6      | Reached skill level 1 in Fighting
  9092 | D:6      | Noticed a cyclops
  9107 | D:6      | Reached * piety under Vehumet
  9107 | D:6      | Offered knowledge of Magic Dart by Vehumet.
 10007 | D:6      | Killed a cyclops
 10008 | D:6      | Reached skill level 10 in Conjurations
 10307 | D:7      | Identified the +7 spear of the Three Servitors {vorpal,
                  | rPois rN+}
 10383 | D:7      | Reached XP level 10. HP: 56/56 MP: 11/20
 10458 | D:7      | Found a shadowy altar of Dithmenos.
 11313 | D:8      | Reached skill level 5 in Dodging
 11440 | D:8      | Noticed Erica
 12520 | D:8      | Killed Erica
 13106 | D:9      | Reached ** piety under Vehumet
 13170 | D:9      | Offered knowledge of Searing Ray by Vehumet.
 13259 | D:9      | Found an opulent altar of Gozag.
 13472 | D:10     | Entered Level 10 of the Dungeon
 13659 | D:10     | Reached skill level 11 in Conjurations
 13882 | D:10     | Reached skill level 5 in Fighting
 14217 | D:10     | Found a staircase to the Lair.
 14313 | D:10     | Reached XP level 11. HP: 16/64 MP: 8/22
 14633 | D:10     | Noticed Fannar
 14640 | D:10     | Killed Fannar
 14656 | D:10     | Offered knowledge of Mephitic Cloud by Vehumet.
 14814 | D:10     | Reached skill level 12 in Conjurations
 14893 | D:10     | Reached *** piety under Vehumet
 15172 | D:10     | Learned a level 3 spell: Mephitic Cloud
 15180 | D:10     | Learned a level 7 spell: Orb of Destruction
 15369 | D:11     | Found a hazy altar of Hepliaklqana.
 15649 | D:11     | Noticed a death knight
 15686 | D:11     | Killed a death knight
 15786 | D:11     | Offered knowledge of Iskenderun's Mystic Blast by Vehumet.
 16141 | D:11     | Noticed Clumpoid's ghost (journeyman DsFi)
 16202 | D:11     | Found a transporter.
 16207 | D:11     | Found a transporter.
 16326 | Lair:1   | Entered Level 1 of the Lair of Beasts
 16506 | Lair:1   | Noticed a six-headed hydra
 16548 | Lair:1   | Killed a six-headed hydra
 17561 | Lair:2   | Noticed an eight-headed hydra
 17564 | Lair:2   | Killed an eight-headed hydra
 17565 | Lair:2   | Reached skill level 13 in Conjurations
 17565 | Lair:2   | Reached XP level 12. HP: 72/72 MP: 13/23
 18597 | Lair:2   | You are sucked into a shaft and drop 1 floor!
 18599 | Lair:3   | Reached **** piety under Vehumet
 18659 | Lair:3   | Found a staircase to the Snake Pit.
 19567 | Lair:3   | Found a staircase to the Shoals.
 19925 | Lair:4   | Noticed a death yak
 19963 | Lair:4   | Noticed an eight-headed hydra
 20079 | Lair:4   | HP: 1/74 [elephant (16)]
 20248 | Lair:4   | Offered knowledge of Frozen Ramparts by Vehumet.
 20271 | Lair:4   | Reached skill level 14 in Conjurations
 20374 | Lair:4   | Killed an eight-headed hydra
 20565 | Lair:4   | Killed a death yak
 20705 | Lair:4   | Noticed Josephine
 20709 | Lair:4   | Killed Josephine
 20831 | Lair:4   | Reached skill level 10 in Dodging
 20911 | Lair:4   | Noticed a death yak
 20914 | Lair:4   | Noticed a death yak
 20915 | Lair:4   | Killed a death yak
 20916 | Lair:4   | Reached skill level 15 in Air Magic
 20916 | Lair:4   | Reached XP level 13. HP: 80/80 MP: 12/24
 21396 | Lair:4   | Reached skill level 15 in Conjurations
 21812 | Lair:4   | Noticed Nergalle
 21846 | Lair:4   | Killed Nergalle
 22367 | Lair:5   | Reached skill level 10 in Fighting
 22370 | Lair:4   | Reached ***** piety under Vehumet
 22370 | Lair:4   | Offered knowledge of Lightning Bolt by Vehumet.
 22673 | Lair:4   | Learned a level 7 spell: Spellforged Servitor
 22701 | Lair:5   | Reached skill level 1 in Summonings
 23836 | Lair:5   | Reached XP level 14. HP: 88/88 MP: 19/27
 23925 | Lair:5   | Found a staircase to the Slime Pits.
 24229 | Lair:5   | Found a runed translucent gate.
 24260 | Lair:5   | Found a runed translucent gate.
 24260 | Lair:5   | Found a runed translucent gate.
 24503 | Lair:5   | Noticed snackwell's ghost (journeyman TrHu)
 24893 | Lair:6   | Entered Level 6 of the Lair of Beasts
 25289 | Lair:6   | Reached skill level 5 in Summonings
 25375 | Lair:6   | Noticed Kirke
 25490 | Lair:6   | Killed Kirke
 25491 | Lair:6   | Reached skill level 16 in Conjurations
 26674 | Lair:6   | Noticed a dire elephant
 26674 | Lair:6   | Noticed a dire elephant
 26675 | Lair:6   | Noticed a dire elephant
 26723 | Lair:6   | Offered knowledge of Iron Shot by Vehumet.
 28278 | Lair:6   | Killed a dire elephant
 28530 | Lair:6   | Killed a dire elephant
 28531 | Lair:6   | Reached XP level 15. HP: 96/96 MP: 13/29
 28802 | Lair:6   | Reached skill level 17 in Conjurations
 29449 | D:12     | Found a staircase to the Orcish Mines.
 30578 | D:12     | You are sucked into a shaft and drop 3 floors!
 30578 | D:15     | Entered Level 15 of the Dungeon
 30859 | D:15     | Reached skill level 1 in Shields
 32132 | D:12     | Identified the +5 ring mail "Cesaasaps" {rN+}
 32657 | D:12     | Offered knowledge of Conjure Ball Lightning by Vehumet.
 33044 | Orc:1    | Entered Level 1 of the Orcish Mines
 33233 | Orc:1    | Found Sugi's Book Shop.
 33519 | Orc:2    | Entered Level 2 of the Orcish Mines
 34868 | Orc:2    | Found Bisaid Zivy's Distillery.
 35023 | Orc:2    | Found Myezxov's Jewellery Shop.
 35031 | Orc:2    | Reached skill level 18 in Conjurations
 35242 | Orc:2    | Bought the ring "Ubidghu" {rC+ MP+9 Int+6} for 914 gold
                  | pieces
 35681 | Orc:2    | Noticed an orc warlord
 36103 | Orc:2    | Killed an orc warlord
 36259 | Orc:2    | Found Upric's Assorted Antiques.
 36298 | Orc:2    | Found Taifun's Armour Emporium.
 36563 | Orc:2    | Offered knowledge of Lee's Rapid Deconstruction by Vehumet.
 37573 | Orc:2    | Reached XP level 16. HP: 71/104 MP: 30/30
 37775 | Orc:2    | Found a staircase to the Elven Halls.
 38186 | Orc:1    | Noticed Snorg
 38191 | Orc:1    | Killed Snorg
 38778 | D:13     | Reached skill level 15 in Dodging
 39392 | D:13     | Found a gate to the Vaults.
 41231 | D:13     | Paralysed by an orc sorcerer for 5 turns
 41353 | D:13     | Identified the ring "Yfesk" {Fly rPois Int+8 Dex-2 Stlth+}
 42689 | D:14     | Identified the +0 pair of gloves "Parisk" {rC+ Str-2
                  | Stlth+}
 44688 | D:14     | Found a sacrificial altar of Ru.
 45139 | D:15     | Cast into level 2 of the Abyss (a wizard)
 45139 | Abyss:2  | Found a corrupted altar of Lugonu.
 45714 | Abyss:2  | Noticed an Executioner
 45723 | Abyss:2  | Paralysed by accursed screaming for 1 turns
 45999 | Abyss:2  | Noticed a tentacled starspawn
 46023 | Abyss:2  | Killed a tentacled starspawn
 46291 | Abyss:2  | Killed from afar by a raiju

Illustrated notes

Levels and vault maps discovered:
D:1:      lightli_iron_boxes, layout_basic
D:2:      minmay_chambers_of_ones, layout_rooms, basic_altar,
          hellmonk_ecumenical_altar_lost_god, uniq_jessica
D:3:      layout_basic, serial_shops, shop, nicolae_figureground_pulse,
          uniq_robin
D:4:      layout_gridville, grunt_ministairs_8,
          nicolae_concentric_dashed_squares_mild, kennysheep_generic_room_9,
          uniq_edmund, uniq_pikel
D:5:      layout_loops_ring, minmay_temple_entry_ruins, uniq_grinder
D:6:      wad_guarded_room, layout_basic, chequers_hall_statues_y
D:7:      layout_basic, mainiacjoe_overflow_alcove_4, st_stairs_3,
          kennysheep_doodads
D:8:      layout_basic, uniq_erica
D:9:      layout_layer_cave, grunt_gozag_statues
D:10:     layout_rooms, erik_lair_island, kennysheep_small_square, uniq_fannar
D:11:     layout_roguey, gammafunk_ghost_hive, nicolae_hepliaklqana_hazy_memory
D:12:     layout_loops_ring, zombieorc1_lemuel
D:13:     lemuel_castle_with_subvaults [lemuel_castle_interior_carwin_2],
          layout_irregular_city, ximxim_vaults_locker_room
D:14:     layout_loops_ring, nicolae_ru_path_of_blood, library_closet,
          kennysheep_cross_bottleneck
D:15:     grunt_enter_depths_magical_seal, layout_gridville,
          serial_park_fountain, nicolae_trove_entry_isolated, uniq_roxanne
Temple:   mainiacjoe_temple_big_plus
Lair:1:   layout_cave_pods
Lair:2:   layout_layer_cave, nicolae_lair_lil_pond
Lair:3:   layout_gridlike, elwin_shoals_entry_rocks, dummy_snake_entry
Lair:4:   layout_regular_city, kennysheep_abandoned_house, grunt_megastairs_1,
          serial_bayou_shore_a, uniq_nergalle, uniq_josephine
Lair:5:   layout_cave_pods, minmay_slime_entry_jelly_boxes,
          ebering_ghost_rock_garden, nzn_sisyphean_effort, grunt_megastairs_4
Lair:6:   due_jungle_book, layout_gridlike, chequers_serial_rivers_small_b,
          grunt_megastairs_2, infiniplex_staircase_pool_2, uniq_kirke
Orc:1:    layout_caves, serial_shops, nicolae_shop_statue_plus,
          statue_in_the_mist_lemuel, uniq_snorg
Orc:2:    pubby_orc_utopia
Abyss:2:  base: D:15, evilmike_abyss_exit_15, evilmike_abyss_exit_chaos,
          gammafunk_abyss_exit_x_factor, gammafunk_corrupted_shrine,
          evilmike_abyss_exit_4, evilmike_abyss_exit_16

Skill      XL: |  1  2  3  4  5  6  7  8  9 10 11 12 13 14 15 16 |
---------------+-------------------------------------------------+-----
Conjurations   | 2 3 4 5 6 9 10 11 13 14 15 16 18 | 18.0
Air Magic      | 5 6 8 10 11 12 13 15 | 15.4
Spellcasting   | 3 4 5 6 7 8 9 |  9.4
Fighting       | 3 5 7 9 10 11 13 14 | 14.9
Dodging        | 4 6 8 10 11 13 14 16 | 16.3
Summonings     | 3 6 |  6.0
Shields        | 4 |  4.0
Stealth        | |  2.0

Action                   |  1- 3 |  4- 6 |  7- 9 | 10-12 | 13-15 | 16-18 || total
-------------------------+-------+-------+-------+-------+-------+-------++-------
Melee: Unarmed           |     1 |       |       |       |       |       ||     1
       Staff             |       |    27 |    18 |    33 |    81 |    34 ||   193
       Peck              |       |     4 |     4 |     8 |    26 |    12 ||    54
       Kick              |       |     6 |     4 |    10 |    38 |    18 ||    76
       Punch             |       |       |       |       |     1 |       ||     1
 Cast: Shock             |    53 |    51 |       |     4 |     4 |     1 ||   113
       Static Discharge  |     5 |    40 |    65 |   180 |   390 |   139 ||   819
       Airstrike         |       |     3 |    54 |   115 |   214 |   113 ||   499
       Orb of Destructio |       |       |       |    17 |    93 |    65 ||   175
       Spellforged Servi |       |       |       |       |     9 |     1 ||    10
Evoke: Wand              |       |       |     3 |     2 |       |       ||     5
  Use: Scroll            |       |     4 |     7 |    13 |     4 |     8 ||    36
 Stab: Sleeping          |       |       |       |     3 |     1 |     1 ||     5
       Distracted        |       |       |       |       |     1 |       ||     1
Armor: Robe              |       |     9 |    15 |    37 |    40 |    36 ||   137
Dodge: Dodged            |     4 |    41 |    62 |   213 |   511 |   214 ||  1045
Block: Buckler           |       |       |       |       |    64 |   101 ||   165
       Reflection        |       |       |       |       |     4 |     2 ||     6
